 Dungeon Crawl Stone Soup version 0.30.1-3-gfc49f6343a (webtiles) character file.

Game seed: 14691359544263681278

32 Wiggles the Trooper (level 3, 0/34 HPs)
             Began as a Minotaur Berserker on July 20, 2023.
             Was a Believer of Trog.
             Slain by a black bear (8 damage)
             ... on level 2 of the Dungeon.
             The game lasted 00:01:39 (1234 turns).

Wiggles the Trooper (Minotaur Berserker)            Turns: 1234, Time: 00:01:40

Health: 0/34       AC:  2    Str: 23    XL:     3   Next: 8%
Magic:  2/2        EV: 12    Int:  4    God:    Trog [**....]
Gold:   91         SH:  0    Dex:  9    Spells: 2/2 levels left

rFire   . . .        a - +0 hand axe
rCold   . . .        (no shield)
rNeg    . . .        b - +0 animal skin
rPois   .            (helmet restricted)
rElec   .            (no cloak)
rCorr   .            (no gloves)
SInv    +            (no boots)
Will    .....        g - amulet of faith
Stlth   +            e - ring of see invisible
HPRegen 0.25/turn    (no ring)
MPRegen 0.08/turn

%: faith
@: no status effects
A: horns 2, retaliatory headbutt
a: Renounce Religion, Berserk, Trog's Hand


You were on level 2 of the Dungeon.
You worshipped Trog.
Trog was pleased with you.
You visited 1 branch of the dungeon, and saw 2 of its levels.

You collected 91 gold pieces.

Inventory:

Hand Weapons
 a - a +0 hand axe (weapon)
Missiles
 m - 2 silver javelins (quivered)
Armour
 b - a +0 animal skin (worn)
Jewellery
 e - a ring of see invisible (left hand)
 g - an amulet of faith (around neck)
Scrolls
 d - 2 scrolls of teleportation {unknown}
 h - a scroll of fog {unknown}
 i - 2 scrolls of identify {unknown}
 k - a scroll of poison {unknown}
Potions
 c - 2 potions of attraction {unknown}
 f - 2 potions of ambrosia {unknown}
 j - a potion of cancellation {unknown}
 l - a potion of invisibility {unknown}
 n - a potion of degeneration {unknown}


   Skills:
 + Level 4.4 Fighting
 + Level 4.1 Axes
 + Level 2.5 Armour
 + Level 2.6 Dodging


You had 2 spell levels left.
You didn't know any spells.
Your spell library was empty.

Dungeon Overview and Level Annotations

Branches:
Dungeon (2/15)

Altars:


Innate Abilities, Weirdness & Mutations

You have a pair of horns on your head.
You reflexively headbutt those who attack you in melee.


Message History

You now have 91 gold pieces (gained 12).
A ball python comes into view.
You throw a silver javelin.
The silver javelin pierces through the ball python.
You kill the ball python!
Trog accepts your kill.
You can now call upon Trog for regeneration and willpower.
Found a stone staircase leading up.
A black bear comes into view.
Found a stone staircase leading up.
The black bear growls angrily.
You throw a silver javelin.
The silver javelin pierces through the black bear!
The black bear is heavily wounded.
You throw a silver javelin.
The silver javelin pierces through the black bear!
The black bear is severely wounded.
You throw a silver javelin.
The silver javelin barely misses the black bear.
The black bear goes berserk!
The black bear bites you. The black bear barely misses you.
The black bear misses you.
You closely miss the black bear.
The black bear is severely wounded.
The black bear bites you. The black bear barely misses you.
The black bear claws you. The black bear barely misses you. x2
The black bear claws you.
You are too injured to fight recklessly!
You are too injured to fight recklessly!
You closely miss the black bear. Your headbutt misses the black bear.
The black bear is severely wounded.
The black bear bites you. The black bear claws you.
* * * LOW HITPOINT WARNING * * *
The black bear misses you.
You barely miss the black bear.
The black bear is severely wounded.
The black bear closely misses you. The black bear claws you.
* * * LOW HITPOINT WARNING * * *
The black bear misses you. The black bear bites you!
You die...

.#.. ###....
##....... #.....<..
##.....#(# #.......(.
#####...(..#<.
########.....@h......
#............###.....
#.######.##### ...
#.# #.# . #.# #.#
##.######.#
#..........
#..######.# #..# #.#


You could see a black bear (berserk).

Vanquished Creatures
  2 ball pythons (D:2)
  2 endoplasms (D:1)
  2 giant cockroaches (D:1)
  A goblin (D:1)
  3 hobgoblins (D:1)
  4 jackals (D:1)
  A quokka (D:1)
  2 bats (D:1)
  3 frilled lizards (D:1)
  6 kobolds (D:1)
  3 rats (D:1)
29 creatures vanquished.

Notes
Turn   | Place    | Note
-------+----------+-------------------------------------------
     0 | D:1      | Wiggles the Minotaur Berserker began the quest for the Orb.
     0 | D:1      | Reached XP level 1. HP: 19/19 MP: 0/0
    94 | D:1      | Reached XP level 2. HP: 20/27 MP: 1/1
   997 | D:1      | Reached XP level 3. HP: 31/34 MP: 2/2
  1223 | D:2      | Reached ** piety under Trog
  1227 | D:2      | Noticed a black bear
  1234 | D:2      | Slain by a black bear

Illustrated notes

Levels and vault maps discovered:
D:1:      lemuel_arrival_cross, layout_loops_corners
D:2:      kennysheep_the_goblin_king, layout_loops_ring, dk_noncrumbling_2,
          chequers_serial_rivers_room_a

Skill      XL: |  1  2 |
---------------+-------+-----
Fighting       | 4 |  4.4
Axes           | 4 |  4.1
Armour         | |  2.5
Dodging        | |  2.6

Action                     || total
---------------------------++-------
  Melee: Hand axe          ||    56
         Headbutt          ||     9
  Throw: Javelin           ||     4
   Stab: Sleeping          ||     1
 Armour: Animal skin       ||    17
  Dodge: Dodged            ||    46
